 Dungeon Sprint DCSS version 0.22.1-6-g1668fe2 (webtiles) character file.

89 doot the Poker (level 4, -2/31 HPs)
             Began as a Tengu Monk on Jan 28, 2019.
             Was a High Priest of Vehumet.
             Slain by a gnoll
             ... wielding a +0 halberd
              (5 damage)
             ... while paralysed
             ... in the Dungeon (Sprint VII: "The Pits").
             The game lasted 00:02:46 (437 turns).

doot the Poker (Tengu Monk)                          Turns: 437, Time: 00:02:46

Health: -2/31      AC:  9    Str: 12    XL:     4   Next: 55%
Magic:  5/6        EV:  2    Int: 11    God:    Vehumet [*****.]
Gold:   0          SH:  0    Dex: 16    Spells: 3/4 levels left

rFire    . . .     SeeInvis .   s - +1 trident (pierce)
rCold    . . .     Gourm    .   (no shield)
rNeg     . . .     Faith    .   p - +3 scale mail
rPois    .         Spirit   .   (helmet restricted)
rElec    .         Reflect  .   (no cloak)
rCorr    .         Harm     .   (no gloves)
MR       .....     NoTele   +   (boots unavailable)
Stlth    +.........             (no amulet)
HPRegen  0.10/turn              (no ring)
MPRegen  0.10/turn              (no ring)

@: paralysed, berserk cooldown, slowed
A: beak, talons 3
a: Renounce Religion


You were in the Dungeon.
You worshipped Vehumet.
Vehumet was extremely pleased with you.
You were not hungry.

You visited 1 branch

Inventory:

Hand Weapons
 a - a +0 spear
 j - a +2 trident
 r - a +1 long sword of flaming
 s - a +1 trident of piercing (weapon)
Armour
 b - a +0 robe
 p - a +3 scale mail (worn)
 q - a +3 ring mail
Scrolls
 i - a scroll of blinking
 l - 3 scrolls of remove curse
 m - 5 scrolls of amnesia
 n - a scroll of summoning
Potions
 d - 6 potions of curing
 e - 6 potions of heal wounds
 f - a potion of haste
 g - 4 potions of magic
 h - 2 potions of berserk rage
 k - 2 potions of invisibility
Comestibles
 c - 9 rations
 o - 5 chunks of flesh


   Skills:
 + Level 5.0 Fighting
 + Level 6.9 Polearms
 + Level 0.2 Armour
 + Level 5.5 Dodging
 + Level 3.1 Stealth
 + Level 0.6 Spellcasting
 + Level 0.6 Ice Magic


You had 3 spell levels left.
You knew the following spells:

 Your Spells              Type           Power        Failure   Level  Hunger
a - Freeze                Ice            #...         34%         1    ##.....
Your spell library was empty.

Dungeon Overview and Level Annotations

Branches:
Dungeon (1/1)

Altars:
Ashenzari
Cheibriados
Dithmenos
Elyvilon
Fedhas
Gozag
Hepliaklqana
Kikubaaqudgha
Makhleb
Nemelex Xobeh
Okawaru
Qazlal
Ru
Sif Muna
Trog
Uskayaw
Vehumet
Wu Jian
Xom
Yredelemnul
Zin
The Shining One
Beogh
Jiyva
Lugonu

Annotations:
D Dowan, Duvessa


Innate Abilities, Weirdness & Mutations

You have a beak for a mouth.
You have claws for feet.


Message History

You are too injured to fight recklessly!
The gnoll misses you. The gnoll hits you but does no damage.
There is an open door, spattered with blood here.
Things that are here:
a spear of freezing; a scale mail; a gnoll corpse You puncture the gnoll!
You kill the gnoll!
Vehumet accepts your kill.
Your Fighting skill increases to level 5!
The gnoll misses you.
You see here a whip.
You feel a strong urge to attack something.
You are no longer berserk.
You pass out from exhaustion.
You feel yourself slow down. The gnoll hits you with a halberd.
The gnoll hits you with a halberd!
* * * LOW HITPOINT WARNING * * *
The gnoll hits you with a halberd.
You die...

##########'##...........
#.?(.')))'.##......#..#
##########.##..........
#.gg..g....)'...........
#'#####'#####......#..#.
#.#..#...ea##...........
#.#..#...#g#####'#####+
#g#.รท#####g##.......#
#g#..'...#@##.......#
#g#..'.).))##.......#
#a#..########...<...#
#g#..'.))..##.......#
#.#..#.).).##.......#
#'###########.......#


#a.gggg.# ######### #g....g.# #...#gg.# You could see Duvessa, a worker ant and
2 gnolls.

Vanquished Creatures
  A gnoll sergeant (D)
  A gnoll (D)
  An adder skeleton (D)
  An orc (D)
  A bat (D)
  A giant cockroach (D)
  2 goblins (D)
  A hobgoblin (D)
  3 jackals (D)
  A quokka (D)
  A rat (D)
14 creatures vanquished.

Notes
Turn   | Place    | Note
-------+----------+-------------------------------------------
     0 | D        | doot the Tengu Monk began the quest for the Orb.
     0 | D        | Reached XP level 1. HP: 14/14 MP: 2/2
    17 | D        | Found a bloodstained altar of Trog.
    17 | D        | Found a deep blue altar of Sif Muna.
    17 | D        | Found a viscous altar of Jiyva.
    17 | D        | Found a hazy altar of Hepliaklqana.
    17 | D        | Found an opulent altar of Gozag.
    18 | D        | Found a glowing golden altar of the Shining One.
    18 | D        | Found a glowing silver altar of Zin.
    18 | D        | Found a basalt altar of Yredelemnul.
    18 | D        | Found a shimmering altar of Xom.
    18 | D        | Found an ornate altar of the Wu Jian Council.
    18 | D        | Found a sacrificial altar of Ru.
    18 | D        | Found a stormy altar of Qazlal.
    18 | D        | Found an iron altar of Okawaru.
    18 | D        | Found a sparkling altar of Nemelex Xobeh.
    18 | D        | Found a burning altar of Makhleb.
    18 | D        | Found a blossoming altar of Fedhas.
    18 | D        | Found a white marble altar of Elyvilon.
    18 | D        | Found a shadowy altar of Dithmenos.
    18 | D        | Found a snail-covered altar of Cheibriados.
    20 | D        | Found a radiant altar of Vehumet.
    20 | D        | Found a corrupted altar of Lugonu.
    20 | D        | Found a roughly hewn altar of Beogh.
    21 | D        | Found a hide-covered altar of Uskayaw.
    21 | D        | Found an ancient bone altar of Kikubaaqudgha.
    21 | D        | Found a shattered altar of Ashenzari.
    28 | D        | Became a worshipper of Vehumet
    28 | D        | Reached * piety under Vehumet
    28 | D        | Offered knowledge of Freeze by Vehumet.
    28 | D        | Reached ** piety under Vehumet
    85 | D        | Reached skill level 4 in Polearms
    87 | D        | Reached XP level 2. HP: 15/19 MP: 3/3
    96 | D        | Learned a level 1 spell: Freeze
   260 | D        | Reached *** piety under Vehumet
   260 | D        | Offered knowledge of Sting by Vehumet.
   300 | D        | Reached **** piety under Vehumet
   388 | D        | Reached skill level 5 in Polearms
   389 | D        | Noticed a gnoll sergeant
   389 | D        | Noticed Duvessa
   389 | D        | Noticed Dowan
   430 | D        | Killed a gnoll sergeant
   430 | D        | Offered knowledge of Static Discharge by Vehumet.
   430 | D        | Reached skill level 6 in Polearms
   430 | D        | Reached skill level 5 in Dodging
   430 | D        | Reached XP level 3. HP: 16/25 MP: 4/4
   430 | D        | Reached XP level 4. HP: 19/30 MP: 5/5
   432 | D        | Reached ***** piety under Vehumet
   432 | D        | Reached skill level 5 in Fighting
   437 | D        | Slain by a gnoll

Skill      XL: |  1  2  3  4 |
---------------+-------------+-----
Polearms       | 4 6 |  6.9
Dodging        | 4 5 |  5.5
Fighting       | 4 5 |  5.0
Stealth        | 3 |  3.1
Armour         | |  0.2
Spellcasting   | |  0.6
Ice Magic      | |  0.6

Action                   |  1- 3 |  4- 6 || total
-------------------------+-------+-------++-------
Melee: Trident           |    29 |     1 ||    30
       Kick              |     7 |       ||     7
       Spear             |     3 |       ||     3
       Peck              |     3 |       ||     3
  Use: Potion            |     1 |       ||     1
 Stab: Sleeping          |     1 |       ||     1
Armor: Robe              |     5 |       ||     5
       Scale mail        |     2 |     1 ||     3
Dodge: Dodged            |    10 |     2 ||    12
